 Dungeon Crawl Stone Soup version 0.26.1-11-gd32895ea62 (webtiles) character file.

Game seed: 6742295515468543208

318 Saba the Bolt Thrower (level 6, -3/38 HPs)
             Began as a Gargoyle Hunter on July 6, 2021.
             Killed by divine providence
             ... invoked by an orc priest
              (11 damage)
             ... on level 4 of the Dungeon.
             The game lasted 00:03:57 (4637 turns).

Saba the Bolt Thrower (Gargoyle Hunter)             Turns: 4637, Time: 00:03:57

Health: -3/38      AC:  7    Str: 18    XL:     6   Next: 45%
Magic:  6/6        EV: 12    Int: 11    God:
Gold:   215        SH:  0    Dex: 10    Spells: 5/5 levels left

rFire    . . .     SeeInvis .   p - +0 spear
rCold    . . .     Faith    .   (no shield)
rNeg     + . .     Spirit   .   c - +0 leather armour
rPois    ∞         Reflect  .   (no helmet)
rElec    +         Harm     .   (no cloak)
rCorr    .         Rampage  .   (no gloves)
Will     .....                  (no boots)
Stlth    +.........             b - amulet of magic regeneration
HPRegen  0.12/turn              (no ring)
MPRegen  0.35/turn              (no ring)

@: no status effects
A: negative energy resistance 1, electricity resistance, unbreathing,
petrification resistance, miasma immunity, AC +4
a: no special abilities


You were on level 4 of the Dungeon.
You visited 1 branch of the dungeon, and saw 4 of its levels.

You collected 215 gold pieces.

Inventory:

Hand Weapons
 a - a +1 hand crossbow
 p - a +0 spear (weapon)
Missiles
 d - 77 bolts
Armour
 c - a +0 leather armour (worn)
Jewellery
 b - an amulet of magic regeneration (around neck)
Wands
 r - a wand of polymorph (6)
Scrolls
 e - a scroll of teleportation {unknown}
 h - 2 scrolls of remove curse {unknown}
 j - a scroll of immolation {unknown}
 k - a scroll of magic mapping {unknown}
 m - a scroll of blinking {unknown}
 n - 2 scrolls of identify {unknown}
 o - a scroll of fear {unknown}
 s - a scroll of fog {unknown}
Potions
 f - a potion of might {unknown}
 g - a potion of ambrosia {unknown}
 i - a potion of invisibility {unknown}
 l - a potion of brilliance {unknown}


   Skills:
 + Level 4.0 Fighting
 + Level 5.1 Crossbows
 + Level 3.1 Armour
 + Level 3.0 Dodging
 - Level 1.1 Stealth


You had 5 spell levels left.
You didn't know any spells.
Your spell library was empty.

Dungeon Overview and Level Annotations

Branches:
Dungeon (4/15)
 Temple: D:4-7

Altars:
Okawaru
Trog
Xom
Yredelemnul
Zin


Innate Abilities, Weirdness & Mutations

You are resistant to torment.
Your stone body is resilient. (AC +4)
You are immune to poison.
You resist negative energy. (rN+)
You are resistant to electric shocks. (rElec)
You can survive without breathing.
You are immune to petrification.
You are immune to miasma.


Message History

You are too injured to fight recklessly!
You are too injured to fight recklessly!
You are too injured to fight recklessly!
You are too injured to fight recklessly!
You are too injured to fight recklessly!
You are too injured to fight recklessly!
You are too injured to fight recklessly!
You are too injured to fight recklessly!
You are too injured to fight recklessly!
You are too injured to fight recklessly!
You are too injured to fight recklessly!
You are too injured to fight recklessly!
You are too injured to fight recklessly!
You are too injured to fight recklessly!
You are too injured to fight recklessly!
Unknown command.
The orc throws a stone.
The stone barely misses you.
The orc priest mumbles some strange prayers to Beogh against you.
Beogh smites you!
You die...

.............<
.............#........
.............##......# # ....
.............#.......# .....
#.o.........)....... ....#
##...o.......#.....# #...#
.......o....##...=.##.. ...#
.......(...##..........
...####..###+###@..#...........
......#..# #.#(..$....##..#
.........###.###.#......$.#
.........+.._###..........#
.........###.###..##...#..#
......#..# #...##..##.#...
#.....##.###+###..###........#
##....##..........###..##..###
##.........##.....#....# ##


You could see an orc priest and 2 orcs.

Vanquished Creatures
  A scorpion (D:4)
  A hound (D:4)
  An orc wizard (D:3)
  Jessica (D:2)
  2 hound skeletons (D:4)
  3 gnolls (D:3)
  4 adders
  An ooze (D:3)
  5 worms
  2 dart slugs
  3 leopard geckos
  4 orcs (D:3)
  A ball python (D:3)
  5 bats
  2 giant cockroaches
  2 gnoll zombies (D:3)
  6 goblins
  10 hobgoblins
  3 jackals (D:2)
  A quokka (D:2)
  2 frilled lizards
  2 kobolds (D:1)
  5 rats
67 creatures vanquished.

Notes
Turn   | Place    | Note
-------+----------+-------------------------------------------
     0 | D:1      | Saba the Gargoyle Hunter began the quest for the Orb.
     0 | D:1      | Reached XP level 1. HP: 12/12 MP: 1/1
   685 | D:1      | Reached XP level 2. HP: 15/18 MP: 2/2
   788 | D:1      | Found a shimmering altar of Xom.
  1014 | D:1      | Reached skill level 1 in Armour
  1399 | D:2      | Reached XP level 3. HP: 12/22 MP: 3/3
  2007 | D:2      | Noticed Jessica
  2010 | D:2      | Reached XP level 4. HP: 27/28 MP: 4/4
  2018 | D:2      | Killed Jessica
  2511 | D:2      | Found a bloodstained altar of Trog.
  2973 | D:3      | Reached XP level 5. HP: 21/32 MP: 5/5
  3937 | D:3      | Found a basalt altar of Yredelemnul.
  4359 | D:3      | Found a glowing silver altar of Zin.
  4526 | D:4      | Reached skill level 5 in Crossbows
  4526 | D:4      | Reached XP level 6. HP: 38/38 MP: 6/6
  4609 | D:4      | Found an iron altar of Okawaru.
  4637 | D:4      | Killed from afar by an orc priest

Illustrated notes

Levels and vault maps discovered:
D:1:      dpeg_arrival_three_smaller_balls, layout_basic, xom_teletrap_fun
D:2:      layout_basic, lemuel_coloured_pillars_altar, uniq_jessica
D:3:      layout_basic, zin_scriptorium, lemuel_zombie_altar_yredelemnul
D:4:      layout_cave_pools, lemuel_doored_altar, grunt_ministairs_6

Skill      XL: |  1  2  3  4  5  6 |
---------------+-------------------+-----
Armour         | 1 2 3 |  3.1
Dodging        | 2 3 |  3.0
Fighting       | 3 4 |  4.0
Crossbows      | 5 |  5.1
Stealth        | |  1.1

Action                   |  1- 3 |  4- 6 || total
-------------------------+-------+-------++-------
Melee: Short sword       |    86 |    30 ||   116
       Spear             |       |   190 ||   190
 Fire: Hand crossbow     |    12 |    15 ||    27
  Use: Potion            |       |     1 ||     1
 Stab: Sleeping          |     2 |     3 ||     5
Armor: Leather armour    |    31 |    93 ||   124
Dodge: Dodged            |    49 |   160 ||   209
